 Dungeon Crawl Stone Soup version 0.19.1 (webtiles) character file.

1337 Rawrzzor the Covert (level 8, -4/54 HPs)
             Began as an Octopode Assassin on Dec 10, 2016.
             Slain by a sky beast (6 damage)
             ... on level 5 of the Dungeon.
             The game lasted 00:37:09 (5343 turns).

Rawrzzor the Covert (Octopode Assassin)             Turns: 5343, Time: 00:37:11

Health: -4/54      AC:  5    Str: 12 (13) XL:     8   Next: 61%
Magic:  12/12      EV: 14    Int: 15      God:
Gold:   358        SH:  0    Dex: 13      Spells: 0 memorised, 13 levels left

rFire  . . .     SeeInvis .     G - +2 whip (drain)
rCold  . . .     Gourm    .     (no shield)
rNeg   . . .     Faith    .     P - +2 hat
rPois  .         Spirit   .     (no amulet)
rElec  .         Reflect  .     (no ring)
rCorr  .         Harm     .     (no ring)
MR     .....                    (no ring)
Stlth  +++++.....               (no ring)
                                (no ring)
                                (no ring)
                                (no ring)
                                (no ring)

@: no status effects
A: almost no armour, stealthy swim, amphibious, 8 rings, constrict 8, tentacle
spike 1, molten scales 1, camouflage 1, deterioration 1, slow regeneration 1,
strong 1, gelatinous body 1
a: no special abilities


You were on level 5 of the Dungeon.
You were not hungry.

You visited 1 branch of the dungeon, and saw 5 of its levels.
You also visited: Ossuary.

You collected 358 gold pieces.

Inventory:

Hand Weapons
 a - a +2 dagger
 b - a +0 blowgun
 G - a +2 whip of draining (weapon)
 K - a +3 spear
 N - a +0 hunting sling
 S - a +2 short sword of electrocution
Missiles
 c - 19 poisoned needles
 d - 2 curare-tipped needles
 k - 270 stones (quivered)
 l - 46 sling bullets
 u - 52 bolts
 x - 2 throwing nets
 C - 6 silver javelins
 F - 4 tomahawks
 I - 22 arrows
Armour
 P - a +2 hat (worn)
Wands
 q - a wand of lightning (2/15)
 D - a wand of iceblast (8/15)
Scrolls
 e - 2 scrolls of teleportation
 n - a scroll of amnesia {unknown}
 o - 2 scrolls of magic mapping
 r - 2 scrolls of enchant armour {unknown}
 s - a scroll of recharging
 v - 9 scrolls of remove curse
 w - a scroll of immolation {unknown}
 B - 2 scrolls of fog {unknown}
 R - 2 scrolls of random uselessness {unknown}
 U - a scroll of noise {unknown}
Potions
 h - 2 potions of curing
 i - a potion of might
 p - a potion of berserk rage
 t - a potion of flight
 z - 3 potions of lignification
 Q - 3 potions of agility {unknown}
Comestibles
 f - 5 bread rations
 L - 2 beef jerkies


   Skills:
 * Level 4.0 Fighting
 + Level 2.4 Short Blades
 + Level 3.7 Maces & Flails
 + Level 2.1 Throwing
 * Level 3.3 Dodging
 * Level 10.0 Stealth
 * Level 3.3 Unarmed Combat
 * Level 3.0 Spellcasting


You had 13 spell levels left.
You didn't know any spells.

Dungeon Overview and Level Annotations

Branches:
Dungeon (5/15)             Temple (0/1) D:4

Altars:
Nemelex Xobeh
Uskayaw
The Shining One


Innate Abilities, Weirdness & Mutations

You cannot wear most types of armour.
You are very stealthy in the water. (Stealth+)
You are amphibious.
You can wear up to eight rings at the same time.
You can use your tentacles to constrict eight enemies at once.
Your skin changes colour to match your surroundings (Stealth+).
Your rubbery body absorbs attacks. (AC +1, EV +1)
One of your tentacles bears a spike.
You are partially covered in molten scales. (AC +2)
Your body sometimes deteriorates upon taking damage.
You regenerate slowly when monsters are visible.
Your muscles are strong. (Str +2)


Message History

Something barely misses you.
You closely miss something. Something hits you. Something shocks you.
* * * LOW HITPOINT WARNING * * *
You feel better. Something hits you.
* * * LOW HITPOINT WARNING * * *
Something shocks you.
* * * LOW HITPOINT WARNING * * *
You feel better. Something hits you but does no damage.
You hit something.
You pierce something.
Something hits you.
* * * LOW HITPOINT WARNING * * *
Something shocks you.
* * * LOW HITPOINT WARNING * * *
Wield which item (- for none, * to show all)? (? for menu, Esc to quit)
Your +2 short sword of electrocution stops crackling.
You sense an unholy aura.
G - a +2 whip of draining (weapon)
Something hits you.
* * * LOW HITPOINT WARNING * * *
Something shocks you.
You die...

#..........#.# #.# ###.####
#..........#.####.######.#####
#...............#.............
#...............#.............
########........#.............
######.###.............
##########.###.............
............##.............
..........@.##.............
..........{..#.######.#####
.............#.##...#.#
.............#[##...#.#
............[#.['...''#####
...............##.........#
............#..##.........#
...........)#..##.........#
#############..##.........#


There were no monsters in sight!

Vanquished Creatures
  Duvessa (D:5)
  An ice beast (D:5)
  3 sky beasts (D:5)
  An elf zombie (D:4)
  Dowan (D:5)
  A jelly (D:5)
  A howler monkey (D:4)
  2 crimson imps (D:5)
  2 centaur zombies (Ossuary)
  3 hounds
  2 human zombies
  An orc wizard (D:5)
  A human skeleton (D:4)
  An iguana (D:5)
  Natasha (twice) (D:4)
  3 worker ants
  3 mummies (Ossuary)
  4 adders
  A shadow imp (D:5)
  4 oozes
  An adder skeleton (D:5)
  3 worms
  A dart slug (D:1)
  7 orcs
  6 giant cockroaches
  A gnoll zombie (Ossuary)
  A hobgoblin (D:1)
  11 jackals
  5 kobolds
  A quokka (D:4)
  2 ball pythons
  6 bats
  6 frilled lizards
  6 goblins
  2 goblin zombies (Ossuary)
  2 kobold zombies (Ossuary)
  An orc skeleton (D:4)
  2 orc zombies (D:4)
  9 rats
111 creatures vanquished.

Notes
Turn   | Place    | Note
-------+----------+-------------------------------------------
     0 | D:1      | Rawrzzor the Octopode Assassin began the quest for the Orb.
     0 | D:1      | Reached XP level 1. HP: 14/14 MP: 1/1
   162 | D:1      | Reached XP level 2. HP: 19/19 MP: 2/2
   499 | D:1      | Reached skill level 1 in Spellcasting
   606 | D:1      | Found a glowing golden altar of the Shining One.
   637 | D:1      | Reached skill level 6 in Stealth
   810 | D:2      | Reached XP level 3. HP: 24/24 MP: 4/4
  1029 | D:2      | Found a sparkling altar of Nemelex Xobeh.
  1540 | D:3      | Reached XP level 4. HP: 29/29 MP: 5/5
  1551 | D:3      | Found a hide-covered altar of Uskayaw.
  1551 | D:3      | Noticed a dagger
  1552 | D:3      | Noticed a hand axe
  1649 | D:3      | Found a glowing golden altar of the Shining One.
  1875 | D:3      | Reached skill level 1 in Unarmed Combat
  2474 | D:4      | Noticed Natasha
  2483 | D:4      | Killed Natasha
  2483 | D:4      | Reached skill level 7 in Stealth
  2506 | D:4      | Noticed Natasha
  2509 | D:4      | HP: 1/30 [Natasha (4)]
  2514 | D:4      | Killed Natasha
  2514 | D:4      | Reached XP level 5. HP: 1/35 MP: 7/7
  2794 | D:4      | Reached skill level 8 in Stealth
  2895 | D:4      | Found a staircase to the Ecumenical Temple.
  2979 | D:4      | Reached XP level 6. HP: 38/41 MP: 8/8
  3179 | D:4      | Found a sand-covered staircase.
  3223 | Ossuary  | Entered an ossuary
  3515 | Ossuary  | Reached skill level 1 in Maces & Flails
  3515 | Ossuary  | Reached XP level 7. HP: 26/46 MP: 9/9
  4293 | D:4      | Gained mutation: Your body sometimes deteriorates upon taking damage. [potion of mutation]
  4293 | D:4      | Gained mutation: One of your tentacles bears a spike. [potion of mutation]
  4293 | D:4      | Gained mutation: One of your tentacles bears a nasty spike. [potion of mutation]
  4294 | D:4      | Lost mutation: One of your tentacles bears a nasty spike. [potion of mutation]
  4294 | D:4      | Gained mutation: Your muscles are strong. (Str +2) [potion of mutation]
  4294 | D:4      | Gained mutation: You are partially covered in molten scales. (AC +2) [potion of mutation]
  4297 | D:5      | Entered Level 5 of the Dungeon
  4425 | D:5      | Reached skill level 9 in Stealth
  4466 | D:5      | Gained mutation: You regenerate slowly when monsters are visible. [mutagenic meat]
  4624 | D:5      | Reached XP level 8. HP: 39/52 MP: 11/11
  4917 | D:5      | Noticed Duvessa
  4920 | D:5      | Noticed Dowan
  4926 | D:5      | Killed Duvessa
  4967 | D:5      | Killed Dowan
  5322 | D:5      | Reached skill level 10 in Stealth
  5343 | D:5      | HP: 2/54 [something (1)]
  5343 | D:5      | Slain by a sky beast

Skill      XL: |  1  2  3  4  5  6  7  8 |
---------------+-------------------------+-----
Spellcasting   | 1 2 3 |  3.0
Stealth        | 6 7 8 9 10 | 10.0
Unarmed Combat | 1 2 3 |  3.3
Dodging        | 2 3 |  3.3
Fighting       | 3 4 |  4.0
Maces & Flails | 1 2 3 |  3.7
Short Blades   | |  2.4
Throwing       | |  2.1

Action                   |  1- 3 |  4- 6 |  7- 9 || total
-------------------------+-------+-------+-------++-------
Melee: Dagger            |    62 |    15 |       ||    77
       Constrict         |    12 |    20 |    20 ||    52
       Tentacles         |     9 |    27 |    31 ||    67
       Whip              |       |   100 |   105 ||   205
       Punch             |       |     1 |     3 ||     4
       Kick              |       |       |    29 ||    29
       Short sword       |       |       |    24 ||    24
Throw: Stone             |    17 |     5 |       ||    22
  Use: Scroll            |     8 |     2 |     4 ||    14
       Potion            |       |     3 |     5 ||     8
 Stab: Sleeping          |    17 |    14 |     7 ||    38
       Distracted        |       |       |     3 ||     3
  Eat: Fruit             |     9 |       |       ||     9
       Beef jerky        |     1 |       |       ||     1
       Royal jelly       |       |     1 |       ||     1
       Chunk             |       |       |     4 ||     4
Armor: Skin              |     2 |     6 |    32 ||    40
Dodge: Dodged            |    23 |    52 |    56 ||   131
